 Seeded DCSS version 0.30.0-17-ge0270778cf (webtiles) character file.

Game seed: 12352473165703896170 (custom seed)

255 Twinkles the Trooper (level 6, 0/49 (56) HPs)
             Began as a Hill Orc Fighter on May 22, 2023.
             Was a Follower of Uskayaw.
             Slain by a soul eater (10 damage)
             ... summoned by a gnoll
             ... on level 4 of the Dungeon.
             The game lasted 00:04:12 (3551 turns).

Twinkles the Trooper (Hill Orc Fighter)             Turns: 3551, Time: 00:04:12

HP:   0/49 (56)     AC:  9    Str: 21    XL:     6   Next: 15%
MP:   6/6           EV:  8    Int:  8    God:    Uskayaw [*.....]
Gold: 200           SH:  4    Dex: 10    Spells: 5/5 levels left

rFire   + . .        a - +0 war axe
rCold   . . .        c - +0 buckler
rNeg    . . .        l - +0 chain mail
rPois   .            (no helmet)
rElec   .            (no cloak)
rCorr   .            (no gloves)
SInv    .            (no boots)
Will    .....        (no amulet) Stlth
                     v - ring of protection from fire
HPRegen 0.28/turn    z - +4 ring of slaying
MPRegen 0.10/turn

%: no passive effects
@: heavily drained
A: no striking features
a: Renounce Religion, Stomp


You were on level 4 of the Dungeon.
You worshipped Uskayaw.
Uskayaw was noncommittal.
You visited 2 branches of the dungeon, and saw 5 of its levels.

You collected 200 gold pieces.

Inventory:

Hand Weapons
 a - a +0 war axe (weapon)
 e - a +2 dagger of venom
Missiles
 f - a throwing net
 A - 6 javelins (quivered)
Armour
 b - a +0 scale mail
 c - a +0 buckler (worn)
 l - a +0 chain mail (worn)
Jewellery
 s - an amulet of faith
 v - a ring of protection from fire (left hand)
 z - a +4 ring of slaying (right hand)
Wands
 p - a wand of paralysis (9)
 y - a wand of roots (14)
Scrolls
 d - a scroll of torment {unknown}
 g - 4 scrolls of teleportation {unknown}
 h - a scroll of acquirement {unknown}
 i - 3 scrolls of enchant weapon {unknown}
 j - a scroll of poison {unknown}
 k - 4 scrolls of identify {unknown}
 o - a scroll of fear {unknown}
 q - a scroll of fog {unknown}
 r - 2 scrolls of vulnerability {unknown}
 w - a scroll of blinking {unknown}
Potions
 m - a potion of mutation {unknown}
 n - 5 potions of curing {unknown}
 t - a potion of heal wounds {unknown}
 u - a potion of degeneration {unknown}
 x - a potion of ambrosia {unknown}
 B - a potion of cancellation {unknown}
 C - a potion of magic {unknown}
 M - a potion of might


   Skills:
 + Level 5.5 Fighting
 * Level 5.2 Axes
 + Level 5.0 Armour
 - Level 3.2 Shields
 + Level 0.0 Invocations


You had 5 spell levels left.
You didn't know any spells.
Your spell library contained the following spells:

 Spells                   Type           Power      Damage    Failure   Level
 Sublimation of Blood     Necr           0%         N/A       99%         2
 Wereblood                Tmut           0%         N/A       99%         2
 Summon Hydra             Summ           0%         N/A       100%        7


Dungeon Overview and Level Annotations

Branches:
Dungeon (4/15) Zot: 20681  Temple (1/1) D:4 Zot: 5717

Altars:
Ashenzari
Cheibriados
Dithmenos
Fedhas
Gozag
Kikubaaqudgha
Makhleb
Qazlal
Sif Muna
Trog
Uskayaw
Yredelemnul
Zin


Message History

There is a staircase to the Ecumenical Temple here.
You slash the quokka!
You kill the quokka!
No target in view!
No target in view!
Found a shortbow.
A goblin comes into view. It is wielding a +0 club.
The goblin shouts!
Found a robe.
A gnoll comes into view.
It is wielding the +16 obsidian axe {drain, demonic, Mesm Drain Fly SInv}.
A gnoll comes into view. It is wielding a +0 flail.
You closely miss the goblin. The goblin hits you with a +0 club.
You closely miss the goblin. You block the goblin's attack.
You hit the goblin.
You kill the goblin!
The gnoll shouts!
You hear a shout!
A gnoll comes into view. It is wielding a +0 flail.
The gnoll shouts!
You slash the gnoll!
The gnoll is heavily wounded.
You can now stomp with the beat.
The gnoll hits you with a +0 flail. The gnoll barely misses you.
The gnoll attacks as you move away! The gnoll hits you but does no damage.
The gnoll hits you with the +16 obsidian axe {drain, demonic, Mesm Drain Fly SInv}!
You feel drained.
You open the door.
The gnoll hits you with the +16 obsidian axe {drain, demonic, Mesm Drain Fly SInv}!
You feel drained. The soul eater hits you.
You feel drained. The gnoll attacks as you move away!
You block the gnoll's attack. The soul eater hits you!
There is an open door, spattered with blood here.
The gnoll attacks as you move away!
The gnoll hits you with the +16 obsidian axe {drain, demonic, Mesm Drain Fly SInv}!
* * * LOW HITPOINT WARNING * * *
You feel drained.
* * * LOW HITPOINT WARNING * * *
The soul eater attacks as you move away!
The soul eater hits you!
You die...

[.................g......#
.......... ..............#
g....... ..............#
#.##..# ######.##g#######
##.##).###..###.##.####.##..
#...........#..........gg...
#..........g#............g..
#..........g#............... .
#.........g3@...............
..#..#...##...######.####..##+
####....#.#..#..# ### ..#
..)..#..#....#.... ...
......##....#...... ...
.........>.........
......#.†..##......
.....#....#..#.).
.##.#..#.#......


You could see a soul eater (summoned) and 3 gnolls.

Vanquished Creatures
  A black bear (D:3)
  An ogre (D:4)
  A gnoll (D:3)
  4 dart slugs
  An orc (D:4)
  4 ball pythons
  2 endoplasms
  3 giant cockroaches
  9 goblins
  5 hobgoblins
  7 jackals (D:1)
  4 quokkas
  2 bats
  3 frilled lizards
  3 kobolds
  3 rats
53 creatures vanquished.

Notes
Turn   | Place    | Note
-------+----------+-------------------------------------------
     0 | D:1      | Twinkles the Hill Orc Fighter began the quest for the Orb.
     0 | D:1      | Reached XP level 1. HP: 19/19 MP: 1/1
   131 | D:1      | Reached XP level 2. HP: 27/27 MP: 2/2
   561 | D:1      | Reached XP level 3. HP: 30/33 MP: 3/3
  1274 | D:2      | Found a faded altar of an unknown god.
  2298 | D:3      | Reached XP level 4. HP: 36/41 MP: 4/4
  2765 | D:4      | Noticed an ogre
  2791 | D:4      | HP: 13/41 [ogre/+0 giant spiked club (28)]
  2792 | D:4      | HP: 5/41 [ogre/+0 giant spiked club (8)]
  2793 | D:4      | Killed an ogre
  2794 | D:4      | Reached skill level 5 in Fighting
  2794 | D:4      | Reached XP level 5. HP: 7/48 MP: 5/5
  3164 | D:4      | Noticed a black bear
  3175 | D:3      | Killed a black bear
  3176 | D:3      | Reached skill level 5 in Axes
  3176 | D:3      | Reached skill level 5 in Armour
  3176 | D:3      | Reached XP level 6. HP: 44/56 MP: 6/6
  3234 | D:4      | Found a staircase to the Ecumenical Temple.
  3243 | Temple   | Entered the Ecumenical Temple
  3486 | Temple   | Became a worshipper of Uskayaw the Reveller
  3545 | D:4      | Reached * piety under Uskayaw
  3549 | D:4      | Noticed a soul eater
  3551 | D:4      | HP: 12/51 [gnoll/the +16 obsidian axe {drain, demonic, Mesm
                  | Drain Fly SInv} (10)]
  3551 | D:4      | Slain by a soul eater

Illustrated notes

Levels and vault maps discovered:
D:1:      co_arrival_random_square_maze, layout_basic
D:2:      cheibrodos_old_hovel, layout_basic,
          hellmonk_ecumenical_altar_crossroads
D:3:      layout_loops_ring, item_on_display_a
D:4:      layout_gridville, minmay_temple_entry_mini_moons, grunt_ministairs_7
Temple:   nicolae_temple_figure_eight

Skill      XL: |  1  2  3  4  5 |
---------------+----------------+-----
Axes           | 3 4 5 |  5.2
Fighting       | 4 5 |  5.5
Armour         | 4 5 |  5.0
Shields        | |  3.2

Action                     |  1- 3 |  4- 6 || total
---------------------------+-------+-------++-------
  Melee: War axe           |   100 |    33 ||   133
  Throw: Javelin           |       |     4 ||     4
 Armour: Scale mail        |    25 |       ||    25
         Chain mail        |    24 |    19 ||    43
  Dodge: Dodged            |    47 |    21 ||    68
  Block: Buckler           |    29 |    16 ||    45
